 Dungeon Crawl Stone Soup version 0.17-a0-1927-g319369b (webtiles) character file.

4073 Kusio the Bludgeoner (level 10, -6/104 HPs)
             Began as an Ogre Berserker on Sept 29, 2015.
             Was an Elder of Trog.
             Shot with an arrow of frost by a centaur (9 damage)
             ... on level 8 of the Dungeon.
             The game lasted 00:33:01 (7880 turns).

Kusio the Bludgeoner (Ogre Berserker)               Turns: 7880, Time: 00:33:01

Health: -6/104     AC:  3    Str: 25    XL:     10   Next: 25%
Magic:  10/10      EV: 10    Int:  6    God:    Trog [****..]
Gold:   713        SH:  0    Dex: 11    Spells: 0 memorised, 9 levels left

rFire  . . .     SeeInvis .     n - +0 giant club
rCold  . . .     Clarity  .     b - +0 animal skin
rNeg   . . .     SustAt   .     (no shield)
rPois  .         Gourm    .     (helmet restricted)
rElec  .         Spirit   .     (no cloak)
rCorr  .         Warding  .     (gloves unavailable)
rMut   .         Stasis   .     (boots unavailable)
MR     +....                    (no amulet)
Stlth  ++........               (no ring)
                                l - ring of stealth

@: about to teleport, somewhat resistant to hostile enchantments, unstealthy
A: unfitting armour, tough skin 1
a: Burn Spellbooks, Berserk, Trog's Hand, Brothers in Arms, Renounce Religion


You were on level 8 of the Dungeon.
You worshipped Trog.
Trog was greatly pleased with you.
You were not hungry.

You visited 1 branch of the dungeon, and saw 8 of its levels.
You also visited: Bailey.

You collected 713 gold pieces.

Inventory:

Hand weapons
 f - a +0 giant spiked club
 n - a +0 giant club (weapon)
Missiles
 s - 2 large rocks (quivered)
 w - 25 tomahawks of returning
Armour
 b - a +0 animal skin (worn)
Jewellery
 l - a ring of stealth (left hand)
Magical devices
 y - a wand of paralysis (14)
Scrolls
 a - 2 scrolls of noise {unknown}
 h - a scroll of fear
 k - a scroll of fog
 o - a scroll of holy word {unknown}
 p - 2 scrolls of teleportation
 r - 3 scrolls of remove curse
 v - a scroll of magic mapping
 x - a scroll of recharging {unknown}
Potions
 d - a potion of ambrosia
 e - a potion of might
 g - a potion of flight {unknown}
 i - a potion of curing {unknown}
 j - 2 potions of resistance {unknown}
 m - a potion of brilliance {unknown}
 q - a potion of cure mutation {unknown}
 z - a potion of lignification {unknown}
Miscellaneous
 A - a lantern of shadows
 B - a phantom mirror
Comestibles
 c - 5 bread rations
 t - 5 meat rations
 C - 9 royal jellies
 D - 3 beef jerkies


   Skills:
 + Level 7.7 Fighting
 + Level 16.2 Maces & Flails
 + Level 4.1 Throwing
 - Level 2.6 Dodging


You had 9 spell levels left.
You didn't know any spells.

Dungeon Overview and Level Annotations

Branches:
Dungeon (8/15)             Temple (0/1) D:7
   Lair: D:8-11

Altars:
Dithmenos
Elyvilon
Fedhas
Gozag
Kikubaaqudgha
Makhleb
Nemelex Xobeh
Qazlal

Annotations:
D:7 4 runed doors


Innate Abilities, Weirdness & Mutations

You are too large for most types of armour.
You have tough skin (AC +1).


Message History

Found 18 poisoned needles.
The centaur shoots an arrow of frost.
The arrow of frost hits you!
* * * LOW HITPOINT WARNING * * *
The arrow of frost freezes you.
* * * LOW HITPOINT WARNING * * *
A centaur comes into view.
Found a chain mail.
Read which item? (? for menu, Esc to quit)
As you read the scroll of teleportation, it crumbles to dust.
You feel strangely unstable.
The centaur shouts!
The centaur shoots an arrow of frost.
The arrow of frost hits you.
* * * LOW HITPOINT WARNING * * *
The arrow of frost freezes you.
* * * LOW HITPOINT WARNING * * *
The centaur wields a shortbow.
The centaur shoots an arrow.
The arrow hits you!
* * * LOW HITPOINT WARNING * * *
The centaur shoots an arrow of frost.
The arrow of frost barely misses you.
The centaur shoots an arrow of frost.
The arrow of frost hits you!
You die...

≈# #..c..........
#((.#c.....###
######(.(#......#
.....(..(#......#######
.......(.#.............
.........##.#..........
.........##............
.(.......###.....#######
.........# #..#(@.......
.........# ##.#.........
.........# #........(..
....)....# ##..........
.........# ...........
.<.......# ......######
....c..# ..[.....#


You could see 2 centaurs.

Vanquished Creatures
  Pikel (D:5)
  2 orc knights (Bailey)
  The ghost of Gargoyl the Skirmisher, an average DsAK of Lugonu (D:4)
  A wyvern (D:7)
  Eustachio (D:4)
  A soldier ant (D:8)
  A sky beast (D:7)
  3 orc warriors
  3 slaves
  A wasp (D:8)
  3 ogres
  3 centaurs
  A brain worm (D:8)
  A big kobold (D:7)
  A giant frog (D:5)
  A jelly (D:6)
  2 scorpions
  A killer bee (D:7)
  4 hounds
  2 quasits
  A giant frog zombie (D:5)
  3 iguanas
  A centaur skeleton (D:7)
  5 orc wizards
  6 worker ants
  A worker ant zombie (D:7)
  2 shadow imps (D:6)
  5 gnolls (Bailey)
  3 oozes
  An adder zombie (D:6)
  2 worms
  An adder skeleton (D:6)
  4 giant geckos
  23 orcs
  A ball python (D:4)
  11 hobgoblins
  2 jackals (D:6)
  3 quokkas
  5 bats
  7 giant cockroaches
  5 giant newts
  12 goblins
  23 kobolds
  10 rats
171 creatures vanquished.

Vanquished Creatures (collateral kills)
  An orc warrior (Bailey)
  A goblin (Bailey)
2 creatures vanquished.

Vanquished Creatures (others)
  A hippogriff (D:7)
  4 killer bees (D:7)
  2 orcs (D:7)
7 creatures vanquished.

Grand Total: 180 creatures vanquished

Notes
Turn   | Place    | Note
--------------------------------------------------------------
     0 | D:1      | Kusio the Ogre Berserker began the quest for the Orb.
     0 | D:1      | Reached XP level 1. HP: 24/24 MP: 1/1
   155 | D:1      | Reached XP level 2. HP: 24/32 MP: 2/2
   282 | D:1      | Reached skill level 5 in Maces & Flails
   595 | D:1      | Acquired Trog's second power
   735 | D:2      | Reached XP level 3. HP: 31/39 MP: 3/3
   787 | D:2      | Found a white marble altar of Elyvilon.
   787 | D:2      | Found a burning altar of Makhleb.
   787 | D:2      | Found an ancient bone altar of Kikubaaqudgha.
   787 | D:2      | Found a shadowy altar of Dithmenos.
   796 | D:2      | Found a blossoming altar of Fedhas.
   796 | D:2      | Found a sparkling altar of Nemelex Xobeh.
  1041 | D:2      | You fall through a shaft!
  1380 | D:3      | Reached skill level 6 in Maces & Flails
  1725 | D:3      | Reached XP level 4. HP: 46/48 MP: 4/4
  1926 | D:4      | Noticed Gargoyl's ghost (average DsAK)
  1939 | D:4      | Killed Gargoyl's ghost
  1939 | D:4      | Reached skill level 8 in Maces & Flails
  1939 | D:4      | Reached XP level 5. HP: 54/54 MP: 5/5
  1939 | D:4      | Reached XP level 6. HP: 62/62 MP: 6/6
  2011 | D:4      | Found a stormy altar of Qazlal.
  2012 | D:4      | Found an opulent altar of Gozag.
  2161 | D:4      | Reached skill level 9 in Maces & Flails
  2336 | D:4      | Noticed Eustachio
  2354 | D:4      | Killed Eustachio
  2354 | D:4      | Reached skill level 10 in Maces & Flails
  2354 | D:4      | Reached XP level 7. HP: 67/70 MP: 7/7
  3020 | D:5      | Entered Level 5 of the Dungeon
  3119 | D:5      | Reached skill level 11 in Maces & Flails
  3349 | D:5      | Reached XP level 8. HP: 69/78 MP: 8/8
  3374 | D:5      | Reached skill level 12 in Maces & Flails
  4304 | D:5      | Noticed Pikel
  4341 | D:5      | Killed Pikel
  4341 | D:5      | Reached skill level 13 in Maces & Flails
  4501 | D:6      | Reached skill level 14 in Maces & Flails
  4556 | D:6      | Reached XP level 9. HP: 45/84 MP: 9/9
  4879 | D:6      | Acquired Trog's third power
  5634 | D:7      | Reached skill level 15 in Maces & Flails
  5772 | D:7      | Noticed a griffon
  5773 | D:7      | Found a huge runed gate.
  5773 | D:7      | Found a huge runed gate.
  5773 | D:7      | Found a huge runed gate.
  5780 | D:7      | Found a staircase to the Ecumenical Temple.
  6273 | D:7      | Reached skill level 5 in Fighting
  6480 | D:7      | Found a huge runed gate.
  6483 | D:7      | Noticed a griffon
  6574 | D:8      | Found a flagged portal.
  6597 | Bailey   | Entered a bailey
  6667 | Bailey   | Noticed an orc knight
  6686 | Bailey   | Noticed an orc knight
  6689 | Bailey   | Killed an orc knight
  6699 | Bailey   | Killed an orc knight
  6699 | Bailey   | Reached skill level 16 in Maces & Flails
  6699 | Bailey   | Reached XP level 10. HP: 62/102 MP: 10/10
  6834 | Bailey   | Received a gift from Trog
  7466 | D:8      | Found a shadowy altar of Dithmenos.
  7879 | D:8      | HP: 3/104 [centaur/arrow (9)]
  7880 | D:8      | Shot with an arrow of frost by a centaur

Vault maps used:
D:1:      elethiomel_arrival_infinity_welcomes_careful_drivers,
          bh_walls_and_bars
D:2:      minmay_overflow_temple_hex
D:4:      minitemple, kennysheep_cross_room, mrwooster_statue_mirror,
          uniq_eustachio
D:5:      first_bread, serial_bayou_pond_e, uniq_pikel
D:7:      lemuel_bear_cage, minmay_temple_entry_statues_fountains,
          lemuel_flame_loot_1
D:8:      enter_bailey_3, hangedman_pestilent_swarm, lemuel_centaur_altar,
          uniq_erolcha, uniq_grum
Bailey:   bailey_axe_1, bailey

Action                   |  1- 3 |  4- 6 |  7- 9 | 10-12 || total
-------------------------+-------+-------+-------+-------++-------
Melee: Mace              |   118 |    46 |   151 |       ||   315
       Giant club        |       |       |   157 |    35 ||   192
Throw: Javelin           |       |     2 |    10 |       ||    12
       Tomahawk          |       |       |     4 |    60 ||    64
       Large rock        |       |       |       |     6 ||     6
Invok: Burn Spellbooks   |     1 |       |       |       ||     1
       Berserk           |       |     2 |     5 |     1 ||     8
       Brothers in Arms  |       |       |       |     1 ||     1
  Use: Scroll            |       |       |    12 |     3 ||    15
       Potion            |       |       |       |     3 ||     3
 Stab: Sleeping          |     1 |     1 |       |       ||     2
       Distracted        |       |     1 |       |       ||     1
  Eat: Chunk             |     3 |     2 |    18 |       ||    23
       Beef jerky        |       |       |     1 |       ||     1
       Fruit             |       |       |       |     3 ||     3
       Royal jelly       |       |       |       |     1 ||     1
       Pizza             |       |       |       |     1 ||     1
